[Event "27th Heraklion Open 2019"]
[Site "Heraklion"]
[Date "2019.09.07"]
[Round "6.17"]
[White "Xirouhakis, Emmanouil"]
[Black "Mavridis, Emmanouel"]
[Result "1-0"]
[ECO "D46"]
[WhiteElo "1574"]
[BlackElo "1268"]
[Annotator "NA"]
[PlyCount "115"]
[EventDate "2019.09.03"]
[EventType "swiss"]
[EventCountry "GRE"]
[SourceTitle "playchess.com"]
[Source "ChessBase"]
[SourceQuality "1"]
[TimeControl "40/5400+30:1800+30"]

1. d4 d5 2. c4 e6 3. Nc3 Be7 4. Nf3 Nf6 5. e3 O-O 6. Qc2 c6 7. Bd3 Nbd7 8. O-O dxc4 9. Bxc4 Nb6 10. Bd3 Nbd5 11. a3 Qb6 12. Na4 Qc7 13. e4 Nb6 14. Nxb6 Qxb6 15. e5 Nd5 16. Bxh7+ Kh8 17. Be4 c5 18. Bxd5 exd5 19. dxc5 Qxc5 20. Qxc5 Bxc5 21. b4 Bb6 22. Bb2 Bg4 23. Nd4 Rfe8 24. h3 Bd7 25. Rfe1 Rac8 26. Rad1 Ba4 27. Rd2 f6 28. Rde2 Kg8 29. Kh1 fxe5 30. Rxe5 g6 31. f3 Bc7 32. Rxe8+ Rxe8 33. Rxe8+ Bxe8 34. Ne6 Bd6 35. Bd4 b6 36. Be3 Bd7 37. Nd4 Kf7 38. f4 Be7 39. Nf3 Bf6 40. Bd4 Bxd4 41. Nxd4 Ke7 42. g4 Kd6 43. Kg2 a5 44. Kg3 axb4 45. axb4 Ke7 46. f5 gxf5 47. gxf5 Kf6 48. Kf4 Be8 49. h4 b5 50. Nc2 Bd7 51. Ne3 Bc6 52. Ng4+ Kg7 53. Ne5 Be8 54. Kg5 d4 55. f6+ Kf8 56. Kf4 Bh5 57. Ke4 d3 58. Kxd3 1-0

[Event "27th Heraklion Open 2019"]
[Site "Heraklion"]
[Date "2019.09.07"]
[Round "6.18"]
[White "Petratos, Georgios"]
[Black "Paraskevopoulos, Savvas Anastasios"]
[Result "1-0"]
[ECO "B33"]
[WhiteElo "1567"]
[BlackElo "1069"]
[Annotator "NA"]
[PlyCount "105"]
[EventDate "2019.09.03"]
[EventType "swiss"]
[EventCountry "GRE"]
[SourceTitle "playchess.com"]
[Source "ChessBase"]
[SourceQuality "1"]
[TimeControl "40/5400+30:1800+30"]

1. e4 c5 2. Ne2 Nc6 3. d4 cxd4 4. Nxd4 Nf6 5. Nc3 e5 6. Ndb5 d6 7. Bg5 a6 8. Na3 b5 9. Bxf6 gxf6 10. Nd5 Bg7 11. c3 f5 12. Bd3 fxe4 13. Bxe4 O-O 14. Nf6+ Qxf6 15. Bxc6 Ra7 16. O-O Qg6 17. Qf3 Bf5 18. Rfe1 Be6 19. Qg3 f5 20. Rad1 Rd8 21. Bd5 Kf7 22. Nc2 Rc7 23. Nb4 a5 24. Bxe6+ Qxe6 25. Nd5 Rc5 26. Qf3 Kg8 27. Qxf5 Qxf5 28. Ne7+ Kf7 29. Nxf5 Bf8 30. g4 Rc4 31. h3 Rf4 32. Rxe5 dxe5 33. Rxd8 Bc5 34. Rd2 h5 35. Nd6+ Kg6 36. gxh5+ Kxh5 37. Nxb5 Kh4 38. Kg2 e4 39. Nd4 Rf6 40. Re2 Rg6+ 41. Kf1 Bxd4 42. Rxe4+ Kxh3 43. Rxd4 Rb6 44. b3 Rc6 45. c4 Rb6 46. c5 Rc6 47. Rc4 Rg6 48. c6 a4 49. Rc3+ Kh2 50. bxa4 Rh6 51. c7 Rh4 52. c8=Q Rg4 53. Qh8+ 1-0

[Event "27th Heraklion Open 2019"]
[Site "Heraklion"]
[Date "2019.09.08"]
[Round "7.3"]
[White "Bogdanov, Egor"]
[Black "Putrenko, Kirill"]
[Result "1/2-1/2"]
[ECO "E14"]
[WhiteElo "2422"]
[BlackElo "1974"]
[Annotator "NA"]
[PlyCount "85"]
[EventDate "2019.09.03"]
[EventType "swiss"]
[EventCountry "GRE"]
[SourceTitle "playchess.com"]
[Source "ChessBase"]
[SourceQuality "1"]
[TimeControl "40/5400+30:1800+30"]

1. b3 b6 2. Bb2 Bb7 3. c4 Nf6 4. Nf3 e6 5. Nc3 c5 6. e3 Be7 7. d4 cxd4 8. exd4 d5 9. Bd3 O-O 10. O-O Nc6 11. Rc1 Nb4 12. Bb1 Rc8 13. a3 Nc6 14. cxd5 Nxd5 15. Qd3 g6 16. Ne4 Re8 17. Ne5 f5 18. Nxc6 Bxc6 19. Ng3 Nf4 20. Qe3 Bg5 21. Qe5 Qd5 22. f3 Qxe5 23. dxe5 Bd5 24. b4 h5 25. Rxc8 Rxc8 26. Re1 h4 27. Ne2 Nxe2+ 28. Rxe2 h3 29. Kf2 hxg2 30. Kxg2 Bc1 31. Bxc1 Rxc1 32. Ba2 Bxa2 33. Rxa2 Rc3 34. a4 Kf7 35. a5 Rc4 36. axb6 axb6 37. Ra7+ Kf8 38. Ra8+ Kf7 39. Ra7+ Kf8 40. b5 Rb4 41. Ra8+ Kf7 42. Ra7+ Kf8 43. Ra8+ 1/2-1/2

[Event "27th Heraklion Open 2019"]
[Site "Heraklion"]
[Date "2019.09.08"]
[Round "7.4"]
[White "Lirindzakis, Timotheos"]
[Black "Brokalakis - Gounaris, Christos"]
[Result "1/2-1/2"]
[ECO "D38"]
[WhiteElo "2157"]
[BlackElo "1977"]
[Annotator "ChessBase"]
[PlyCount "112"]
[EventDate "2019.09.03"]
[EventType "swiss"]
[EventCountry "GRE"]
[SourceTitle "playchess.com"]
[Source "ChessBase"]
[SourceQuality "1"]
[TimeControl "40/5400+30:1800+30"]

1. Nf3 Nf6 2. c4 e6 3. Nc3 d5 4. d4 Bb4 5. Bg5 h6 6. Bxf6 Qxf6 7. e3 O-O 8. Rc1 dxc4 9. Bxc4 c5 10. dxc5 Bxc5 11. Qc2 Qe7 12. a3 a6 13. Ba2 Nc6 14. Nd5 exd5 15. Qxc5 Qf6 16. Qc3 Qxc3+ 17. Rxc3 Be6 18. Rd3 Rfd8 19. O-O Rd7 20. Rc1 Kf8 21. Bb3 Rad8 22. Nd4 Nxd4 23. Rxd4 Ke7 24. Ba4 b5 25. Bb3 Rd6 26. Kf1 R8d7 27. Ke2 Rd8 28. Rc5 R6d7 29. Ba2 Rd6 30. Kd2 R8d7 31. Kc3 Rd8 32. Kb4 R8d7 33. Bb3 Rd8 34. Rc7+ R8d7 35. Rc8 Ra7 36. Rc5 Rad7 37. Ka5 Rd8 38. Rc7+ R8d7 39. Rc8 Ra7 40. Rc5 Rad7 41. a4 bxa4 42. Bxa4 Rb7 43. b4 Rbb6 44. Bb3 Kf6 45. Bxd5 Bxd5 46. Rcxd5 Re6 47. e4 Ke7 48. e5 Rb7 49. Rc4 Reb6 50. Rdc5 Kd7 51. f4 g6 52. Rd5+ Ke8 53. Rcd4 Kf8 54. Rd8+ Kg7 55. R8d6 Rb5+ 56. Ka4 a5 1/2-1/2

[Event "27th Heraklion Open 2019"]
[Site "Heraklion"]
[Date "2019.09.08"]
[Round "7.7"]
[White "Namini, Armin"]
[Black "Xirouhakis, Emmanouil"]
[Result "1-0"]
[ECO "E01"]
[WhiteElo "2251"]
[BlackElo "1574"]
[Annotator "NA"]
[PlyCount "65"]
[EventDate "2019.09.03"]
[EventType "swiss"]
[EventCountry "GRE"]
[SourceTitle "playchess.com"]
[Source "ChessBase"]
[SourceQuality "1"]
[TimeControl "40/5400+30:1800+30"]

1. c4 c6 2. g3 d5 3. Nf3 Nf6 4. Bg2 e6 5. O-O Nbd7 6. d4 Bd6 7. Nfd2 O-O 8. Nc3 Re8 9. e4 dxe4 10. Ndxe4 Nxe4 11. Nxe4 Bf8 12. Bf4 Nf6 13. Nc3 Bd6 14. Be5 Bxe5 15. dxe5 Nd7 16. Qe2 Qc7 17. f4 Rb8 18. Ne4 c5 19. Rad1 b6 20. Rd2 Bb7 21. Rfd1 Red8 22. Nd6 Bxg2 23. Nb5 Qb7 24. Qxg2 Qxg2+ 25. Kxg2 Rb7 26. h4 h5 27. Kh3 Kf8 28. a4 a5 29. Rd3 Ke7 30. Nd6 Rbb8 31. Nxf7 Kxf7 32. Rxd7+ Rxd7 33. Rxd7+ 1-0

[Event "27th Heraklion Open 2019"]
[Site "Heraklion"]
[Date "2019.09.08"]
[Round "7.8"]
[White "Ivanov, Mike"]
[Black "Petratos, Georgios"]
[Result "1-0"]
[ECO "B01"]
[WhiteElo "2177"]
[BlackElo "1567"]
[Annotator "NA"]
[PlyCount "47"]
[EventDate "2019.09.03"]
[EventType "swiss"]
[EventCountry "GRE"]
[SourceTitle "playchess.com"]
[Source "ChessBase"]
[SourceQuality "1"]
[TimeControl "40/5400+30:1800+30"]

1. e4 d5 2. exd5 Nf6 3. Nf3 Nxd5 4. d4 Bg4 5. h3 Bh5 6. c4 Nb6 7. g4 Bg6 8. Nc3 e6 9. Ne5 N8d7 10. Nxg6 hxg6 11. c5 Nd5 12. Nxd5 exd5 13. Qb3 Qe7+ 14. Be3 Qe4 15. Rg1 c6 16. Qxb7 Rb8 17. Qxc6 Rxb2 18. Bb5 Rb1+ 19. Rxb1 Qxb1+ 20. Ke2 Qc2+ 21. Bd2 Qe4+ 22. Kd1 Qf3+ 23. Kc1 Qa3+ 24. Kb1 1-0

[Event "27th Heraklion Open 2019"]
[Site "Heraklion"]
[Date "2019.09.08"]
[Round "7.9"]
[White "Bras, Emmanouel"]
[Black "Alquist, Erik"]
[Result "1/2-1/2"]
[ECO "D02"]
[WhiteElo "1838"]
[BlackElo "2020"]
[Annotator "NA"]
[PlyCount "135"]
[EventDate "2019.09.03"]
[EventType "swiss"]
[EventCountry "GRE"]
[SourceTitle "playchess.com"]
[Source "ChessBase"]
[SourceQuality "1"]
[TimeControl "40/5400+30:1800+30"]

1. d4 Nf6 2. Nf3 d5 3. Bf4 c5 4. c3 Nc6 5. e3 Qb6 6. Qb3 c4 7. Qc2 Bf5 8. Qc1 h6 9. Nbd2 e6 10. Be2 Be7 11. h3 O-O 12. O-O Rfc8 13. Ne5 Qd8 14. Qd1 b5 15. Ndf3 a5 16. g4 Bh7 17. Bg3 Ne4 18. Bh2 b4 19. Nxc6 Rxc6 20. Ne5 Rb6 21. Bf3 bxc3 22. Bxe4 Bxe4 23. bxc3 f6 24. Nf3 Ba3 25. Nd2 Bd3 26. Re1 Bb2 27. Rc1 a4 28. e4 a3 29. exd5 exd5 30. Qf3 Bxc1 31. Rxc1 Rb2 32. Nf1 Rxa2 33. Ne3 Be4 34. Qf4 Rb2 35. Nxc4 dxc4 36. Qxe4 a2 37. Ra1 Ra7 38. Kg2 Re7 39. Qc6 Qd7 40. Qxc4+ Qe6 41. d5 Qe4+ 42. Qxe4 Rxe4 43. d6 Ree2 44. Bg3 Red2 45. c4 Rb1 46. Rxa2 Rxa2 47. c5 Rc2 48. d7 Rd1 49. Bd6 Rxc5 50. d8=Q+ Kh7 51. Qe7 Rcd5 52. Bg3 R1d4 53. Qb7 Kg8 54. Bc7 Rd7 55. Qc8+ Kh7 56. Bb6 R4d5 57. h4 g6 58. Be3 Kg7 59. Bxh6+ Kxh6 60. Qh8+ Rh7 61. Qxf6 Rg7 62. h5 Rdd7 63. hxg6 Rxg6 64. Qf8+ Rdg7 65. f3 Kh7 66. Kg3 Rg8 67. Qf5 Kh6 68. Qh5+ {Kh7} 1/2-1/2

[Event "27th Heraklion Open 2019"]
[Site "Heraklion"]
[Date "2019.09.08"]
[Round "7.10"]
[White "Natoli, Domenico"]
[Black "Kotsinis, Alexandros"]
[Result "0-1"]
[ECO "D20"]
[WhiteElo "1694"]
[BlackElo "1951"]
[Annotator "NA"]
[PlyCount "106"]
[EventDate "2019.09.03"]
[EventType "swiss"]
[EventCountry "GRE"]
[SourceTitle "playchess.com"]
[Source "ChessBase"]
[SourceQuality "1"]
[TimeControl "40/5400+30:1800+30"]

1. d4 d5 2. c4 dxc4 3. e4 Nc6 4. Nf3 Bg4 5. d5 Ne5 6. Bf4 Ng6 7. Be3 e5 8. Bxc4 a6 9. O-O Nf6 10. Bd3 Bd6 11. Nbd2 O-O 12. h3 Bd7 13. Nc4 b5 14. Nxd6 cxd6 15. Rc1 Nh5 16. Bg5 f6 17. Be3 Ngf4 18. Kh2 g5 19. g4 Nxd3 20. Qxd3 Ng7 21. Rg1 Rc8 22. Qa3 Qe7 23. Rxc8 Bxc8 24. Rc1 h5 25. gxh5 Qd7 26. Ng1 Nxh5 27. Rc6 Nf4 28. Bxf4 exf4 29. Qxd6 Qe8 30. f3 Kg7 31. Rc7+ Rf7 32. Qc6 Bd7 33. Qxa6 Qe5 34. Qa7 Qd6 35. Qc5 Qe5 36. Qc3 Qd6 37. b4 Kg6 38. a3 Rh7 39. Qc2 Qe5 40. Rc5 g4 41. d6 g3+ 42. Kg2 Qa1 43. Qc1 Qd4 44. Qc2 Qa1 45. Qc1 Qd4 46. Qc2 Qe3 47. Rc3 Qe1 48. e5+ Bf5 49. Qb2 Qxe5 50. Qd2 Bxh3+ 51. Nxh3 Rxh3 52. Kxh3 Qh5+ 53. Kg2 Qh2+ {Qb2} 0-1

[Event "27th Heraklion Open 2019"]
[Site "Heraklion"]
[Date "2019.09.08"]
[Round "7.11"]
[White "Atakay, Mustafa"]
[Black "Koutsouraki, Ariadni"]
[Result "1-0"]
[ECO "E08"]
[WhiteElo "1866"]
[BlackElo "1516"]
[Annotator "NA"]
[PlyCount "79"]
[EventDate "2019.09.03"]
[EventType "swiss"]
[EventCountry "GRE"]
[SourceTitle "playchess.com"]
[Source "ChessBase"]
[SourceQuality "1"]
[TimeControl "40/5400+30:1800+30"]

1. d4 d5 2. c4 e6 3. Nf3 Nf6 4. g3 Bb4+ 5. Bd2 Be7 6. Bg2 c6 7. Qc2 Nbd7 8. O-O O-O 9. Bf4 Nh5 10. Bc1 Nhf6 11. b3 b6 12. Rd1 Bb7 13. Nc3 Rc8 14. e4 dxe4 15. Nxe4 Nxe4 16. Qxe4 Nf6 17. Qe2 Qc7 18. Bf4 Bd6 19. Ne5 Nd7 20. c5 Bxe5 21. cxb6 axb6 22. dxe5 c5 23. Bxb7 Qxb7 24. Rd6 b5 25. Rad1 Nb8 26. Qg4 Kh8 27. Bg5 Qc7 28. Rc1 Nd7 29. Bf4 Nb6 30. Be3 Nd7 31. f4 c4 32. Qe2 Rfd8 33. a4 bxa4 34. Rxc4 Qb7 35. bxa4 Qb1+ 36. Rd1 Qb8 37. Rxc8 Qxc8 38. Qd3 Qb7 39. a5 h6 40. Bb6 1-0

[Event "27th Heraklion Open 2019"]
[Site "Heraklion"]
[Date "2019.09.08"]
[Round "7.12"]
[White "Vlatas, Dimitrios"]
[Black "Burnett, Leon P"]
[Result "1/2-1/2"]
[ECO "B23"]
[WhiteElo "1393"]
[BlackElo "1849"]
[Annotator "NA"]
[PlyCount "60"]
[EventDate "2019.09.03"]
[EventType "swiss"]
[EventCountry "GRE"]
[SourceTitle "playchess.com"]
[Source "ChessBase"]
[SourceQuality "1"]
[TimeControl "40/5400+30:1800+30"]

1. e4 c5 2. Nc3 Nc6 3. f4 g6 4. Nf3 Bg7 5. Bc4 e6 6. O-O Nge7 7. Qe1 O-O 8. d3 a6 9. a3 b6 10. Qh4 Nd4 11. Nxd4 cxd4 12. Ne2 d5 13. Bb3 dxe4 14. dxe4 Nc6 15. Qg3 Na5 16. Ba2 Qc7 17. Qd3 Rd8 18. Ng3 Bd7 19. Rf2 Bb5 20. Qd1 Nc4 21. Bxc4 Qxc4 22. b3 Qc5 23. Bb2 e5 24. f5 f6 25. b4 Qe7 26. Qg4 Be8 27. h4 Rac8 28. fxg6 hxg6 29. Rd1 Qd7 30. Qf3 Rc6 1/2-1/2

[Event "27th Heraklion Open 2019"]
[Site "Heraklion"]
[Date "2019.09.08"]
[Round "7.13"]
[White "Koutsourakis, Ioannis"]
[Black "Terzakis, Georgios"]
[Result "1-0"]
[ECO "D35"]
[WhiteElo "1739"]
[BlackElo "1162"]
[Annotator "NA"]
[PlyCount "81"]
[EventDate "2019.09.03"]
[EventType "swiss"]
[EventCountry "GRE"]
[SourceTitle "playchess.com"]
[Source "ChessBase"]
[SourceQuality "1"]
[TimeControl "40/5400+30:1800+30"]

1. d4 d5 2. c4 e6 3. Nc3 Nf6 4. cxd5 exd5 5. Bg5 Nbd7 6. e3 Be7 7. Bd3 h6 8. Bh4 O-O 9. Nge2 b6 10. O-O Bb7 11. f3 c5 12. Rc1 Re8 13. Bf2 cxd4 14. Nxd4 Bc5 15. Na4 Bxd4 16. exd4 Rc8 17. Qd2 Rxc1 18. Rxc1 Nf8 19. Nc3 Ng6 20. Nb5 a6 21. Nc7 Re7 22. Nxa6 Bxa6 23. Bxa6 Ra7 24. Rc8 Qxc8 25. Bxc8 Rxa2 26. g3 Ra8 27. Bf5 Ne7 28. Bd3 Nc6 29. g4 Rc8 30. Ba6 Rd8 31. Bh4 Rd6 32. Bxf6 Rxf6 33. Bb7 Ne7 34. Kg2 Rg6 35. Qb4 Re6 36. Qa3 Re2+ 37. Kf1 Rxh2 38. Qxe7 Rxb2 39. Bxd5 Rb1+ 40. Kg2 Rb2+ 41. Kg3 1-0

[Event "27th Heraklion Open 2019"]
[Site "Heraklion"]
[Date "2019.09.08"]
[Round "7.14"]
[White "Tsapaki, Asimenia"]
[Black "Lithoxoos, Theodoros"]
[Result "0-1"]
[ECO "A03"]
[WhiteElo "1460"]
[BlackElo "1685"]
[Annotator "NA"]
[PlyCount "96"]
[EventDate "2019.09.03"]
[EventType "swiss"]
[EventCountry "GRE"]
[SourceTitle "playchess.com"]
[Source "ChessBase"]
[SourceQuality "1"]
[TimeControl "40/5400+30:1800+30"]

1. b3 Nf6 2. Bb2 g6 3. e3 Bg7 4. f4 O-O 5. Nf3 d5 6. Be2 c5 7. d3 Nc6 8. O-O d4 9. exd4 Nd5 10. Qd2 cxd4 11. c3 Qb6 12. cxd4 Nxd4 13. Kh1 Nf5 14. Bxg7 Kxg7 15. Nc3 Nde3 16. Rfe1 Ng4 17. d4 Rd8 18. Na4 Qd6 19. Bc4 Bd7 20. h3 Ng3+ 21. Kg1 Nf6 22. Ne5 Be8 23. Rad1 Rac8 24. Qd3 Nf5 25. Nc5 Rxc5 26. Re2 Qxd4+ 27. Qxd4 Rxd4 28. Rxd4 Nxd4 29. Rd2 Nc6 30. Nd3 Ra5 31. a4 Ne4 32. Ra2 Nd6 33. g4 Nxc4 34. bxc4 Nd4 35. Rb2 Bc6 36. Kf2 Rxa4 37. Nc5 Rxc4 38. Nxb7 Rc2+ 39. Rxc2 Nxc2 40. Na5 Bd5 41. Ke2 Nd4+ 42. Ke3 Nb3 43. Nxb3 Bxb3 44. g5 a5 45. Kd3 a4 46. Kc3 f6 47. h4 Kf7 48. Kb4 Ke6 0-1

[Event "27th Heraklion Open 2019"]
[Site "Heraklion"]
[Date "2019.09.08"]
[Round "7.15"]
[White "Ergazaki, Eirini"]
[Black "Koutsaftis, Efstratios Panagioti"]
[Result "0-1"]
[ECO "B17"]
[WhiteElo "1336"]
[BlackElo "1611"]
[Annotator "NA"]
[PlyCount "94"]
[EventDate "2019.09.03"]
[EventType "swiss"]
[EventCountry "GRE"]
[SourceTitle "playchess.com"]
[Source "ChessBase"]
[SourceQuality "1"]
[TimeControl "40/5400+30:1800+30"]

1. e4 c6 2. d4 d5 3. Nc3 dxe4 4. Nxe4 Nd7 5. c3 Ngf6 6. Ng3 e6 7. Nf3 Be7 8. Bd3 b6 9. O-O Bb7 10. Bd2 O-O 11. Re1 c5 12. Ne4 cxd4 13. Nxd4 Nc5 14. Nxf6+ Bxf6 15. Bc2 Bxd4 16. cxd4 Qxd4 17. Bc3 Qxd1 18. Raxd1 Bd5 19. a3 Rfd8 20. Rd4 Bb3 21. Bxb3 Nxb3 22. Rg4 g6 23. Kf1 Nc5 24. Ke2 f5 25. Rd4 Rxd4 26. Bxd4 Rd8 27. Bxc5 bxc5 28. Rc1 Rd5 29. Rc4 Kg7 30. Ra4 Rd7 31. Ra5 Rb7 32. b4 cxb4 33. axb4 Kf6 34. b5 g5 35. Kd3 Rd7+ 36. Kc4 h5 37. Kb4 f4 38. Ra2 e5 39. Rc2 e4 40. Re2 Ke5 41. Kc5 Rc7+ 42. Kb4 g4 43. b6 axb6 44. Kb5 f3 45. Re3 Rc2 46. gxf3 gxf3 47. Kxb6 Rxf2 0-1

[Event "27th Heraklion Open 2019"]
[Site "Heraklion"]
[Date "2019.09.08"]
[Round "7.16"]
[White "Koumis, Filippos"]
[Black "Alexandrakis, Georgios"]
[Result "1-0"]
[ECO "B23"]
[WhiteElo "1601"]
[BlackElo "1254"]
[Annotator "NA"]
[PlyCount "51"]
[EventDate "2019.09.03"]
[EventType "swiss"]
[EventCountry "GRE"]
[SourceTitle "playchess.com"]
[Source "ChessBase"]
[SourceQuality "1"]
[TimeControl "40/5400+30:1800+30"]

1. e4 c5 2. Nc3 d6 3. Bb5+ Bd7 4. f4 a6 5. Bxd7+ Nxd7 6. Nf3 Ngf6 7. O-O e6 8. d3 Be7 9. Qe1 Qc7 10. b3 b5 11. e5 b4 12. Na4 Nd5 13. Qe4 g6 14. Bb2 Rg8 15. c4 N5b6 16. Nxb6 Nxb6 17. exd6 Bxd6 18. Ne5 O-O-O 19. a3 Bxe5 20. Bxe5 Qb7 21. Qe3 Nd7 22. Bb2 g5 23. f5 e5 24. axb4 cxb4 25. Ra4 Nb6 26. Rxb4 1-0

[Event "27th Heraklion Open 2019"]
[Site "Heraklion"]
[Date "2019.09.08"]
[Round "7.17"]
[White "Georgakakis, Michail"]
[Black "Vitsaxaki, Iris"]
[Result "0-1"]
[ECO "A85"]
[WhiteElo "1303"]
[BlackElo "1494"]
[Annotator "NA"]
[PlyCount "82"]
[EventDate "2019.09.03"]
[EventType "swiss"]
[EventCountry "GRE"]
[SourceTitle "playchess.com"]
[Source "ChessBase"]
[SourceQuality "1"]
[TimeControl "40/5400+30:1800+30"]

1. d4 f5 2. Nf3 Nf6 3. c4 g6 4. e3 Bg7 5. Bd3 d6 6. O-O O-O 7. Nc3 c6 8. Re1 Qc7 9. e4 fxe4 10. Nxe4 Nxe4 11. Bxe4 Bf5 12. Bxf5 Rxf5 13. Be3 e5 14. dxe5 dxe5 15. Qc2 Nd7 16. Rad1 Re8 17. Ng5 Rff8 18. Ne4 Re6 19. c5 Nf6 20. Nxf6+ Rexf6 21. b4 Kh8 22. Re2 Re6 23. f3 Rd8 24. Red2 Ree8 25. Rxd8 Rxd8 26. Rxd8+ Qxd8 27. Qd2 Qxd2 28. Bxd2 Kg8 29. Kf2 Kf7 30. Ke3 Bh6+ 31. Kd3 Bxd2 32. Kxd2 Ke6 33. Kd3 Kd5 34. h4 h6 35. a4 a5 36. bxa5 Kxc5 37. Kc3 Kd5 38. Kd3 c5 39. Kc3 c4 40. g3 g5 41. hxg5 hxg5 0-1

[Event "27th Heraklion Open 2019"]
[Site "Heraklion"]
[Date "2019.09.08"]
[Round "7.18"]
[White "Kalaitzakis, Emmanouil"]
[Black "Mavridis, Athanasios"]
[Result "0-1"]
[ECO "B17"]
[WhiteElo "1079"]
[BlackElo "1493"]
[Annotator "NA"]
[PlyCount "62"]
[EventDate "2019.09.03"]
[EventType "swiss"]
[EventCountry "GRE"]
[SourceTitle "playchess.com"]
[Source "ChessBase"]
[SourceQuality "1"]
[TimeControl "40/5400+30:1800+30"]

1. e4 c6 2. d4 d5 3. Nc3 dxe4 4. Nxe4 Nd7 5. Nf3 Ngf6 6. Nxf6+ Nxf6 7. Ne5 Bf5 8. c3 e6 9. g4 Be4 10. f3 Bg6 11. h4 h5 12. Nxg6 fxg6 13. g5 Nd5 14. Bd3 Kf7 15. Qc2 Ne7 16. Bf4 Qd7 17. Rf1 Nf5 18. Rh1 Bd6 19. Bxd6 Qxd6 20. Qf2 Qf4 21. Bc4 Rhe8 22. b4 Kf8 23. Bb3 e5 24. d5 Rad8 25. dxc6 e4 26. fxe4 Qxe4+ 27. Kf1 Qxh1+ 28. Qg1 Ng3+ 29. Kf2 Re2+ 30. Kxg3 Rd3+ 31. Kf4 Re4# 0-1

[Event "27th Heraklion Open 2019"]
[Site "Heraklion"]
[Date "2019.09.09"]
[Round "8.8"]
[White "Koutsaftis, Efstratios Panagioti"]
[Black "Fasching, Markus"]
[Result "0-1"]
[ECO "E05"]
[WhiteElo "1611"]
[BlackElo "2029"]
[Annotator "NA RC"]
[PlyCount "68"]
[EventDate "2019.09.03"]
[EventType "swiss"]
[EventCountry "GRE"]
[SourceTitle "playchess.com"]
[Source "ChessBase"]
[SourceQuality "1"]
[TimeControl "40/5400+30:1800+30"]

1. d4 d5 2. c4 e6 3. Nf3 Nf6 4. g3 Be7 5. Bg2 O-O 6. O-O dxc4 7. Qc2 b5 8. Ne5 Nd5 9. a4 c6 10. axb5 cxb5 11. Nc3 f6 12. Ng4 Qd7 13. Be4 Nxc3 14. Bxa8 Nd5 15. Bxd5 exd5 16. f3 Nc6 17. e3 a5 18. Bd2 Qc7 19. Nf2 Bd6 20. Kg2 g6 21. Rfd1 Re8 22. g4 f5 23. g5 f4 24. e4 Nxd4 25. Qc3 Nb3 26. exd5 b4 27. Qc2 Bf5 28. Ne4 Bxe4 29. fxe4 f3+ 30. Kf1 Nxa1 31. Rxa1 Bxh2 32. Qa4 Qc8 33. Kf2 Rxe4 34. Re1 Bg3+ 0-1

[Event "27th Heraklion Open 2019"]
[Site "Heraklion"]
[Date "2019.09.09"]
[Round "8.9"]
[White "Alquist, Erik"]
[Black "Koumis, Filippos"]
[Result "1-0"]
[ECO "B98"]
[WhiteElo "2020"]
[BlackElo "1601"]
[Annotator "NA RC"]
[PlyCount "109"]
[EventDate "2019.09.03"]
[EventType "swiss"]
[EventCountry "GRE"]
[SourceTitle "playchess.com"]
[Source "ChessBase"]
[SourceQuality "1"]
[TimeControl "40/5400+30:1800+30"]

1. e4 c5 2. Nf3 d6 3. d4 cxd4 4. Nxd4 Nf6 5. Nc3 a6 6. Bg5 e6 7. f4 Be7 8. Qf3 Qc7 9. O-O-O b5 10. e5 Bb7 11. Qg3 dxe5 12. fxe5 Nh5 13. Qh4 Bxg5+ 14. Qxg5 g6 15. Bd3 Qe7 16. Qe3 Bxg2 17. Rhg1 Bb7 18. Be4 O-O 19. Rg5 Bxe4 20. Nxe4 f5 21. Nd6 Nd7 22. Rdg1 f4 23. Qe2 f3 24. Nxf3 Nf4 25. Qe3 Rad8 26. R5g4 Ne2+ 27. Qxe2 Rxf3 28. Re4 Nxe5 29. Rxe5 Qxd6 30. Rxe6 Qf4+ 31. Kb1 Rf8 32. a3 Rf1+ 33. Rxf1 Qxf1+ 34. Ka2 Qxe2 35. Rxe2 Rf6 36. Kb3 g5 37. a4 bxa4+ 38. Kxa4 h5 39. b4 g4 40. c4 h4 41. b5 g3 42. hxg3 hxg3 43. Rg2 axb5+ 44. cxb5 Rf4+ 45. Ka5 Rf3 46. b6 Rf5+ 47. Ka6 Rf3 48. b7 Ra3+ 49. Kb6 Rb3+ 50. Kc6 Rc3+ 51. Kd5 Rd3+ 52. Kc4 Rd8 53. Rxg3+ Kf7 54. Kc5 Ke7 55. Re3+ 1-0

[Event "27th Heraklion Open 2019"]
[Site "Heraklion"]
[Date "2019.09.09"]
[Round "8.10"]
[White "Lithoxoos, Theodoros"]
[Black "Bras, Emmanouel"]
[Result "0-1"]
[ECO "A07"]
[WhiteElo "1685"]
[BlackElo "1838"]
[Annotator "NA RC"]
[PlyCount "66"]
[EventDate "2019.09.03"]
[EventType "swiss"]
[EventCountry "GRE"]
[SourceTitle "playchess.com"]
[Source "ChessBase"]
[SourceQuality "1"]
[TimeControl "40/5400+30:1800+30"]

1. Nf3 d5 2. g3 Nf6 3. Bg2 Bf5 4. O-O c6 5. d3 e6 6. Nbd2 Be7 7. b3 O-O 8. Bb2 Bg6 9. Qe1 Na6 10. a3 Nc5 11. Ne5 Nfd7 12. Nxg6 hxg6 13. d4 Bf6 14. c3 Na6 15. e4 Nc7 16. e5 Be7 17. f4 c5 18. g4 b5 19. f5 gxf5 20. gxf5 exf5 21. Rxf5 cxd4 22. cxd4 Nb6 23. Qg3 Ne6 24. Rh5 g6 25. Rf1 Bg5 26. Nf3 gxh5 27. h4 f6 28. Bh3 Nf4 29. Kh2 Nxh3 30. Kxh3 Qd7+ 31. Kh2 Qg4 32. Rg1 Be3 33. Rg2 Qxg3+ 0-1

[Event "27th Heraklion Open 2019"]
[Site "Heraklion"]
[Date "2019.09.09"]
[Round "8.11"]
[White "Mavridis, Athanasios"]
[Black "Fragkiadakis, Emmanouel"]
[Result "1/2-1/2"]
[ECO "A31"]
[WhiteElo "1493"]
[BlackElo "1743"]
[Annotator "NA RC"]
[PlyCount "83"]
[EventDate "2019.09.03"]
[EventType "swiss"]
[EventCountry "GRE"]
[SourceTitle "playchess.com"]
[Source "ChessBase"]
[SourceQuality "1"]
[TimeControl "40/5400+30:1800+30"]

1. Nf3 Nf6 2. c4 c5 3. d4 cxd4 4. Nxd4 b6 5. Nc3 Bb7 6. Qc2 Nc6 7. Nxc6 dxc6 8. Bf4 e6 9. a3 Qe7 10. e4 e5 11. Bg5 h6 12. Bd2 Qe6 13. Be2 Bc5 14. Nd1 Bd4 15. Be3 c5 16. f3 O-O 17. Bxd4 exd4 18. O-O Nd7 19. Nf2 Rae8 20. Rfe1 Qd6 21. Nd3 f5 22. exf5 Rxf5 23. Bf1 Ref8 24. Qe2 R8f6 25. Qe7 Qc6 26. Ne5 Nxe5 27. Rxe5 Rxf3 28. Qe8+ Qxe8 29. Rxe8+ Rf8 30. Re7 R3f7 31. Rae1 Rxe7 32. Rxe7 Rf7 33. Re8+ Kh7 34. Bd3+ g6 35. Re6 Rg7 36. b4 h5 37. bxc5 bxc5 38. Re5 Kh6 39. Rxc5 Re7 40. Rb5 Bc6 41. Rc5 Bb7 42. Rb5 1/2-1/2

[Event "27th Heraklion Open 2019"]
[Site "Heraklion"]
[Date "2019.09.09"]
[Round "8.12"]
[White "Vlatas, Dimitrios"]
[Black "Koutsourakis, Ioannis"]
[Result "0-1"]
[ECO "C50"]
[WhiteElo "1393"]
[BlackElo "1739"]
[Annotator "NA RC"]
[PlyCount "38"]
[EventDate "2019.09.03"]
[EventType "swiss"]
[EventCountry "GRE"]
[SourceTitle "playchess.com"]
[Source "ChessBase"]
[SourceQuality "1"]
[TimeControl "40/5400+30:1800+30"]

1. e4 e5 2. Nf3 Nc6 3. Bc4 Bc5 4. d3 Nf6 5. Nc3 h6 6. Be3 Bb6 7. Nd5 d6 8. Nxb6 axb6 9. c3 O-O 10. h3 d5 11. exd5 Nxd5 12. O-O Be6 13. Bb3 Nxe3 14. fxe3 Bxb3 15. Qxb3 Qxd3 16. Rfe1 Rad8 17. Rad1 Qe4 18. Kf2 Na5 19. Qb4 Qc2+ 0-1